 Dungeon Crawl Stone Soup version 0.23-a0-821-gecd3555 (webtiles) character file.

479 robertstho the Chopper (level 6, -2/48 HPs)
             Began as a Demonspawn Berserker on Jan 22, 2019.
             Was a Priest of Trog.
             Succumbed to a scorpion's poison
             ... on level 4 of the Dungeon.
             The game lasted 00:06:43 (2890 turns).

robertstho the Chopper (Demonspawn Berserker)       Turns: 2890, Time: 00:06:44

Health: -2/48      AC: 15    Str: 20    XL:     6   Next: 86%
Magic:  15/15      EV:  8    Int:  8    God:    Trog [***...]
Gold:   121        SH:  0    Dex: 12    Spells: 5/5 levels left

rFire    . . .     SeeInvis +   y - +0 war axe
rCold    . . .     Gourm    .   (no shield)
rNeg     . . .     Faith    .   l - -2 chain mail (curse)
rPois    .         Spirit   .   o - +2 helmet {SInv}
rElec    .         Reflect  .   (no cloak)
rCorr    .         Harm     .   n - +0 pair of gloves
MR       .....                  q - +0 pair of boots
Stlth    ..........             (no amulet)
HPRegen  0.16/turn              e - ring of magical power
MPRegen  0.14/turn              h - ring of stealth

@: lethally poisoned (-2 -> -19), berserk cooldown, flying, slowed, very slow
A: molten scales 2, nightstalker 1
a: Berserk, Trog's Hand, Renounce Religion


You were on level 4 of the Dungeon.
You worshipped Trog.
Trog was most pleased with you.
You were very hungry.

You visited 1 branch of the dungeon, and saw 4 of its levels.

You collected 121 gold pieces.

Inventory:

Hand Weapons
 a - a +1 morningstar of crushing
 y - a +0 war axe (weapon)
Armour
 l - a cursed -2 chain mail (worn)
 n - a +0 pair of gloves (worn)
 o - a +2 helmet of see invisible (worn)
 q - a +0 pair of boots (worn)
Jewellery
 e - a ring of magical power (left hand)
 h - a ring of stealth (right hand)
Scrolls
 b - a scroll of noise {unknown}
 d - 3 scrolls of identify {unknown}
 g - a scroll of teleportation {unknown}
 j - a scroll of enchant weapon {unknown}
 s - 2 scrolls of remove curse {unknown}
 t - a scroll of amnesia {unknown}
 v - a scroll of enchant armour {unknown}
 w - a scroll of blinking {unknown}
Potions
 f - a potion of mutation {unknown}
 i - a potion of experience {unknown}
 k - a potion of magic {unknown}
 m - a potion of heal wounds {unknown}
 p - a potion of brilliance {unknown}
 r - a potion of curing {unknown}
Comestibles
 c - 5 rations
 x - 19 chunks of flesh


   Skills:
 + Level 3.9 Fighting
 * Level 5.3 Axes
 * Level 3.9 Armour
 + Level 2.4 Dodging
 + Level 0.5 Stealth


You had 5 spell levels left.
You didn't know any spells.
Your spell library was empty.

Dungeon Overview and Level Annotations

Branches:
Dungeon (4/15)
 Temple: D:4-7

Altars:
Elyvilon


Innate Abilities, Weirdness & Mutations

You are mostly covered in molten scales. (AC +3)
You are slightly more attuned to the shadows.


Message History

The scorpion stings you but does no damage.
The scorpion barely misses you. The scorpion closely misses you.
The scorpion stings you but does no damage.
You hit the scorpion.
The scorpion is lightly wounded.
You closely miss the scorpion.
You hit the centaur skeleton but do no damage.
You feel sick.
The centaur skeleton hits you but does no damage.
The scorpion stings you!
* * * LOW HITPOINT WARNING * * *
You are more poisoned.
The scorpion poisons you!
The scorpion stings you but does no damage.
The centaur skeleton hits you but does no damage.
The scorpion stings you but does no damage. x2
It was a potion of flight.
You feel very buoyant.
You fly up into the air.
You die...

...## ... .....##
.. .....##.# ? #.
#...#..# ..
#.###.....##...
...............
........Z......
.....†)s@......
#.......s......
.###...........
##...........
#.............
.###.........#...
............##...
................#
##........#.....#


You could see 2 scorpions and a centaur skeleton.

Vanquished Creatures
  An ogre (D:4)
  A scorpion (D:4)
  An orc priest (D:4)
  A hound (D:4)
  Natasha (thrice) (D:2)
  2 worker ants
  4 gnolls (D:4)
  4 adders
  2 oozes
  An adder skeleton (D:4)
  A worm (D:2)
  7 orcs (D:4)
  6 bats
  8 goblins
  6 hobgoblins
  6 jackals
  3 quokkas
  4 frilled lizards
  7 kobolds
  10 rats
78 creatures vanquished.

Notes
Turn   | Place    | Note
-------+----------+-------------------------------------------
     0 | D:1      | robertstho the Demonspawn Berserker began the quest for the
                  | Orb.
     0 | D:1      | Reached XP level 1. HP: 18/18 MP: 1/1
   158 | D:1      | Reached skill level 3 in Axes
   223 | D:1      | Gained mutation: You are partially covered in molten
                  | scales. (AC +2) [demonic ancestry]
   223 | D:1      | Reached XP level 2. HP: 24/24 MP: 2/2
   774 | D:1      | Reached ** piety under Trog
   779 | D:1      | Gained mutation: You are mostly covered in molten scales.
                  | (AC +3) [demonic ancestry]
   779 | D:1      | Reached XP level 3. HP: 29/29 MP: 3/3
  1222 | D:2      | Noticed Natasha
  1240 | D:2      | Killed Natasha
  1240 | D:2      | Gained mutation: You are slightly more attuned to the
                  | shadows. [demonic ancestry]
  1240 | D:2      | Reached XP level 4. HP: 16/35 MP: 4/4
  1682 | D:2      | Noticed Natasha
  1697 | D:2      | Killed Natasha
  1721 | D:2      | Noticed Natasha
  1730 | D:2      | Killed Natasha
  1730 | D:2      | Reached skill level 4 in Axes
  1875 | D:2      | Reached XP level 5. HP: 37/41 MP: 5/5
  2095 | D:3      | Found a white marble altar of Elyvilon.
  2403 | D:3      | Reached *** piety under Trog
  2750 | D:4      | Reached XP level 6. HP: 48/48 MP: 6/6
  2768 | D:4      | Reached skill level 5 in Axes
  2889 | D:4      | HP: 1/48 [scorpion (7)]
  2890 | D:4      | Succumbed to a scorpion's poison

Vault maps used:
D:1:      wheals_arrival_linesprint
D:2:      kennysheep_generic_room_4, uniq_natasha
D:3:      elyvilon_altar_5
D:4:      first_ration, minivault_26, minmay_hollow_rounded_squares

Skill      XL: |  1  2  3  4  5  6 |
---------------+-------------------+-----
Axes           | 3 4 5 |  5.3
Armour         | 2 3 |  3.9
Dodging        | 2 |  2.4
Fighting       | |  3.9
Stealth        | |  0.5

Action                   |  1- 3 |  4- 6 || total
-------------------------+-------+-------++-------
Melee: Hand axe          |   150 |   164 ||   314
       War axe           |       |     8 ||     8
Invok: Berserk           |     1 |     2 ||     3
  Use: Potion            |       |     1 ||     1
  Eat: Chunk             |     1 |     7 ||     8
Armor: Animal skin       |    23 |       ||    23
       Chain mail        |    62 |   130 ||   192
Dodge: Dodged            |   105 |    92 ||   197

Table legend:
 A = Non-vault XP
 B = Vault XP
 C = Vault XP percentage of total XP
 D = Non-vault monster count
 E = Vault monster count
 F = Vault count percentage of total count
                 A         B        C        D         E       F
            +---------+---------+-------+---------+---------+-------
      Total |     647 |      38 |   5.5 |      75 |       3 |   3.8
            +---------+---------+-------+---------+---------+-------
        D:1 |      42 |       0 |   0.0 |      21 |       0 |   0.0
        D:2 |     129 |      38 |  22.8 |      22 |       3 |  12.0
        D:3 |      87 |       0 |   0.0 |      15 |       0 |   0.0
        D:4 |     389 |       0 |   0.0 |      17 |       0 |   0.0
            +---------+---------+-------+---------+---------+-------
